 Dungeon Crawl Stone Soup version 0.21-a0-529-g8c7b3f5 (webtiles) character file.

22 Gorglomux the Skirmisher (level 2, -3/25 HPs)
             Began as a Draconian Wanderer on Dec 9, 2017.
             Slain by a quokka (4 damage)
             ... on level 2 of the Dungeon.
             The game lasted 00:01:51 (771 turns).

Gorglomux the Skirmisher (Draconian Wanderer)        Turns: 771, Time: 00:01:52

Health: -3/25      AC:  4    Str: 15    XL:     2   Next: 68%
Magic:  2/2        EV:  9    Int: 12    God:
Gold:   87         SH:  7    Dex:  9    Spells: 1/1 levels left

rFire    . . .     SeeInvis .   b - +0 hand axe
rCold    . . .     Gourm    .   a - +0 shield
rNeg     . . .     Faith    .   (armour unavailable)
rPois    .         Spirit   .   (helmet restricted)
rElec    .         Reflect  .   (no cloak)
rCorr    .         Harm     .   (no gloves)
MR       .....                  (no boots)
Stlth    ++........             (no amulet)
HPRegen  0.08/turn              (no ring)
MPRegen  0.08/turn              (no ring)

@: no status effects
A: unfitting armour, cold-blooded, AC +4
a: no special abilities


You were on level 2 of the Dungeon.
You were not hungry.

You visited 1 branch of the dungeon, and saw 2 of its levels.

You collected 87 gold pieces.

Inventory:

Hand Weapons
 b - a +0 hand axe (weapon)
 d - a +0 dagger
Missiles
 l - 4 tomahawks of returning (quivered)
Armour
 a - a +0 shield (worn)
Scrolls
 h - a scroll of fog {unknown}
 i - a scroll of amnesia {unknown}
 j - 2 scrolls of identify {unknown}
 k - a scroll of magic mapping {unknown}
Potions
 c - a potion of lignification
 o - a potion of haste {unknown}
Comestibles
 f - a bread ration
 m - a royal jelly
 n - 2 chunks of flesh
 p - 3 fruits


   Skills:
 + Level 2.7 Fighting
   Level 1.7 Bows
 + Level 1.6 Dodging
 - Level 2.6 Stealth
 + Level 1.7 Shields
   Level 1.0 Evocations


You had one spell level left.
You didn't know any spells.

Dungeon Overview and Level Annotations

Branches:
Dungeon (2/15)

Altars:


Innate Abilities, Weirdness & Mutations

Your plain brown scales are hard. (AC +4)
You cannot fit into any form of body armour.
You are cold-blooded and may be slowed by cold attacks.


Message History

You block the quokka's attack! x2
Your shield prevents you from hitting the quokka!
Your tail-slap misses the quokka!
The quokka is almost dead!
The quokka bites you! x2 * * * don't die
* * * You closely miss the quokka!
The quokka is almost dead!
The quokka barely butts you!
You barely miss the quokka!
Butt's tail-slap misses the quokka!
The quokka is almost dead!
The quokka bites you but does no butt! The quokka bites you! * * * don't butt
* * * You barely miss the quokka!
The quokka is almost dead!
The quokka closely misses you! You block the quokka's attack!
You barely miss the quokka!
The quokka is almost dead!
You block the quokka'butts attack! The quokka bites you! rip

..### #. #.## ....####
#..... .#
........###.#..## #.#
.............#..# ...#
...# #......#.### ...
...###### #......##..#
....#...# #.#.#...#.##
.).<....# #.#..##....###
...#....# #.##.@rw.....#
...##...####.#####...##.#
.................#...#
.####.....##.###.....# .#
#...#..#.##......# .#
#...##.#.#..##.... >
#...##.....# ##....
#..[####...########.
####..........#


You could see a worm and a quokka.

Vanquished Creatures
  2 leopard geckos
  2 ball pythons
  5 bats
  A giant cockroach (D:1)
  A goblin (D:1)
  A hobgoblin (D:1)
  3 frilled lizards (D:1)
  3 kobolds
  2 rats (D:1)
20 creatures vanquished.

Notes
Turn   | Place    | Note
-------+----------+-------------------------------------------
     0 | D:1      | Gorglomux the Draconian Wanderer began the quest for the Orb.
     0 | D:1      | Gorglomux set off with: a +0 shield, a +0 hand axe, a potion of lignification, a +0 dagger, a bread ration
     0 | D:1      | Reached XP level 1. HP: 17/17 MP: 1/1
   138 | D:1      | Reached XP level 2. HP: 25/25 MP: 2/2
   769 | D:2      | HP: 1/25 [quokka (2)]
   771 | D:2      | Slain by a quokka

Vault maps used:
D:1:      dpeg_arrival_rhombus, serial_bayou_ford_a
D:2:      lemuel_round_altar, feat_on_display

Action                   || total
-------------------------++-------
Melee: Hand axe          ||    63
       Tailslap          ||    10
Throw: Tomahawk          ||     4
 Stab: Sleeping          ||     2
Armor: Skin              ||    20
Dodge: Dodged            ||    26
Block: Shield            ||    28

Table legend:
 A = Spawn XP
 B = Non-spawn XP
 C = Spawn XP percentage of total XP
 D = Spawn monster count
 E = Non-spawn monster count
 F = Spawn count percentage of total count
 G = Total turns spent on level
                    A         B        C        D         E        F      G
               +---------+---------+-------+---------+---------+-------+---------
         Total |       0 |      32 |   0.0 |       0 |      20 |   0.0 |   771
               +---------+---------+-------+---------+---------+-------+---------
           D:1 |       0 |      24 |   0.0 |       0 |      15 |   0.0 |   691
           D:2 |       0 |       8 |   0.0 |       0 |       5 |   0.0 |    80
               +---------+---------+-------+---------+---------+-------+---------
